 Dungeon Crawl Stone Soup version 0.28.0-53-g5a82cb258f (webtiles) character file.

Game seed: 5879930139715482073

168832 H0rd4k the Warrior (level 18, -3/157 HPs)
             Began as a Human Artificer on July 22, 2022.
             Was an Initiate of Gozag.
             Slain by a culicivora (7 damage)
             ... on level 4 of the Lair of Beasts on July 26, 2022.
             The game lasted 01:45:56 (47536 turns).

H0rd4k the Warrior (Human Artificer)               Turns: 47536, Time: 01:45:57

Health: -3/157     AC: 26    Str: 17    XL:     18   Next: 28%
Magic:  0/34       EV: 15    Int: 20    God:    Gozag
Gold:   1386       SH:  0    Dex: 15    Spells: 25/41 levels left

rFire   + . .      SeeInvis .   e - +8 frozen axe "Frostbite" {freezing cloud, *Noise Fly rC+}
rCold   + + .      Faith    .   (shield currently unavailable)
rNeg    + + .      Spirit   +   Y - +6 scale mail "Jyvid" {rC+ Dex+6}
rPois   +          Reflect  .   R - +2 hat of the Bear Spirit {Spirit, *Rage Will++}
rElec   .          Harm     .   O - +0 cloak {rPois}
rCorr   +          Rampage  .   s - +3 pair of gauntlets of War {Slay+5}
Will    +++..      Rage     20% p - +2 pair of boots
Stlth   +.........              J - amulet of Okawaru's Grace {RegenMP rN+ Int+3}
HPRegen 0.36/turn               K - ring "Plog" {rPois rF+ AC+4 Str+2}
MPRegen 0.64/turn               N - ring of Peakhest {rN+ rCorr Dex-5 Slay+4 Stlth+}

@: gold aura, on berserk cooldown, flying, studying Axes
A: no striking features
}: 1/15 runes: barnacled
a: Renounce Religion, Potion Petition, Call Merchant, Bribe Branch


You were on level 4 of the Lair of Beasts.
You worshipped Gozag.
Gozag was most pleased with you.
You visited 5 branches of the dungeon, and saw 25 of its levels.
You visited 1 bazaar.
You also visited: Gauntlet, Ice Cave and Volcano.

You collected 9452 gold pieces.
You spent 7517 gold pieces at shops.
You paid 549 gold pieces to Gozag.

Inventory:

Hand Weapons
 e - the +8 frozen axe "Frostbite" (weapon) {freezing cloud, *Noise Fly rC+}
   (You took it off a centaur on level 4 of the Shoals)

   It freezes those it strikes, dealing additional cold damage.
   It can also slow down cold-blooded creatures.
   It occasionally leaves clouds of freezing vapour upon striking a foe.
   It grants immunity to clouds of freezing vapour.
   rC:        It protects you from cold.
   Fly:       It grants you flight.
   *Noise:    It may make noises in combat.
 h - the +6 hand axe of the Spider Nest {elec, rN++}
   (You bought it in a shop on level 1 of the Shoals)

   It occasionally discharges a powerful burst of electricity upon striking a
   foe.
   rN:        It greatly protects you from negative energy.
 j - the +7 great mace "Undeadhunter" {disrupt, rN+}
   (You found it in an ice cave)

   It inflicts significantly more damage against the undead.
   rN:        It protects you from negative energy.
 r - the +9 hand axe of Checkmate {vorpal, rElec rF+ Str+8}
   (You found it on level 5 of the Dungeon)

   It inflicts extra damage upon your enemies.
   Str:       It affects your strength (+8).
   rF:        It protects you from fire.
   rElec:     It insulates you from electricity.
Missiles
 v - 5 curare-tipped darts
Armour
 k - the +2 pair of gloves "Numext" {rF+ Int+4}
   (You acquired it on level 6 of the Dungeon)

   Int:       It affects your intelligence (+4).
   rF:        It protects you from fire.
 p - a +2 pair of boots (worn)
 s - the +3 pair of gauntlets of War (worn) {Slay+5}
   (You bought it in a shop on level 2 of the Orcish Mines)

   Slay:      It affects your accuracy & damage with ranged weapons and melee
   (+5).
 O - a +0 cloak of poison resistance (worn)
 R - the +2 hat of the Bear Spirit (worn) {Spirit, *Rage Will++}
   (You bought it in a shop on level 4 of the Dungeon)

   Going berserk makes the wearer tougher, and they're slowed less afterward.
   *Rage:     It berserks you when you make melee attacks (+20% chance).
   Will:      It greatly increases your willpower.
 S - a scarf of invisibility
 Y - the +6 scale mail "Jyvid" (worn) {rC+ Dex+6}
   (You bought it in a shop on level 11 of the Dungeon)

   Dex:       It affects your dexterity (+6).
   rC:        It protects you from cold.
Jewellery
 z - the ring of Inkanaimuo {+Blink rC++ rCorr EV+4}
   (You bought it in a shop on level 1 of the Shoals)

   [ring of evasion]

   EV:        It affects your evasion (+4).
   rC:        It greatly protects you from cold.
   +Blink:    It lets you blink.
   rCorr:     It protects you from acid and corrosion.
 J - the amulet of Okawaru's Grace (around neck) {RegenMP rN+ Int+3}
   (You found it in a Gauntlet)

   [amulet of magic regeneration]

   It increases your rate of magic regeneration.
   Int:       It affects your intelligence (+3).
   rN:        It protects you from negative energy.
 K - the ring "Plog" (left hand) {rPois rF+ AC+4 Str+2}
   (You acquired it on level 6 of the Lair of Beasts)

   [ring of protection]

   AC:        It affects your AC (+4).
   Str:       It affects your strength (+2).
   rF:        It protects you from fire.
   rPois:     It protects you from poison.
 N - the ring of Peakhest (right hand) {rN+ rCorr Dex-5 Slay+4 Stlth+}
   (You bought it in a shop on level 1 of the Shoals)

   [ring of slaying]

   Dex:       It affects your dexterity (-5).
   Slay:      It affects your accuracy & damage with ranged weapons and melee
   (+4).
   rN:        It protects you from negative energy.
   rCorr:     It protects you from acid and corrosion.
   Stlth:     It makes you more stealthy.
 Q - a ring of flight
Wands
 g - a wand of charming (1)
 i - a wand of mindburst (5)
 t - a wand of paralysis (8)
 F - a wand of flame (18)
 T - a wand of acid (1)
Scrolls
 c - 2 scrolls of brand weapon
 d - 2 scrolls of silence
 l - 8 scrolls of teleportation
 n - a scroll of blinking
 o - 3 scrolls of summoning
 E - 5 scrolls of amnesia
 G - 2 scrolls of fog
 H - 4 scrolls of enchant weapon
 I - 5 scrolls of enchant armour
 P - 2 scrolls of holy word
Potions
 a - 2 potions of resistance
 f - a potion of ambrosia
 m - 3 potions of brilliance
 q - 7 potions of curing
 u - 2 potions of cancellation
 w - 6 potions of flight
 D - a potion of invisibility
 L - 3 potions of berserk rage
 X - 6 potions of haste
Miscellaneous
 b - a phantom mirror
 x - a lightning rod (4/4)
 U - a condenser vane
 W - a lightning rod (4/4)


   Skills:
 + Level 18.0 Fighting
 * Level 5.0 Long Blades
 - Level 12.1(12.4) Axes
 + Level 4.9(9.2) Maces & Flails
 - Level 2.0 Armour
 + Level 13.6 Dodging
 - Level 1.0 Stealth
 * Level 12.2 Spellcasting
 + Level 7.1 Hexes
 - Level 4.2 Necromancy
 - Level 3.5 Ice Magic
 + Level 8.1 Evocations


You had 25 spell levels left.
You knew the following spells:

 Your Spells              Type           Power      Damage    Failure   Level
a - Tukima's Dance        Hex            40%        N/A       3%          3
b - Anguish               Hex/Necr       17%        N/A       19%         4
c - Ensorcelled Hibernat  Hex/Ice        66%        N/A       3%          2
d - Enfeeble              Hex            20%        N/A       100%        7

Your spell library contained the following spells:

 Spells                   Type           Power      Damage    Failure   Level
 Confusing Touch          Hex            40%        N/A       3%          3
 Sublimation of Blood     Necr           29%        N/A       4%          2
 Dazzling Flash           Conj/Hex       52%        N/A       13%         3
 Beastly Appendage        Tmut           24%        N/A       19%         1
 Sandblast                Erth           24%        2d8       19%         1
 Passwall                 Tmut/Erth      10%        N/A       28%         2
 Wereblood                Tmut           12%        N/A       28%         2
 Animate Dead             Necr           14%        N/A       32%         4
 Spider Form              Tmut/Pois      12%        N/A       50%         3
 Stone Arrow              Conj/Erth      24%        3d8       50%         3
 Swiftness                Air            12%        N/A       50%         3
 Yara's Violent Unravell  Hex/Tmut       13%        3d7       77%         5
 Iskenderun's Mystic Bla  Conj/Tloc      12%        2d5       88%         4
 Olgreb's Toxic Radiance  Pois           12%        N/A       88%         4
 Borgnjor's Vile Clutch   Necr/Erth      10%        N/A       92%         5
 Alistair's Intoxication  Tmut/Pois      8%         N/A       99%         5
 Death Channel            Necr           14%        N/A       99%         6
 Eringya's Noxious Bog    Tmut/Pois      6%         N/A       100%        6
 Starburst                Conj/Fire      6%         6d4       100%        6
 Ozocubu's Refrigeration  Ice            13%        4d7       100%        7
 Summon Hydra             Summ           6%         N/A       100%        7
 Ignition                 Fire           6%         3d4       100%        8


Dungeon Overview and Level Annotations

Branches:
Dungeon (12/15)            Temple (0/1) D:5            Lair (6/6) D:11
 Shoals (4/4) Lair:4       Spider (1/4) Lair:4        Slime (0/5) Lair:6
    Orc (2/2) D:12            Elf (0/3) Orc:2         IceCv (visited)
Volcano (visited)         Gauntlet (visited)

Altars:
Ashenzari
Cheibriados
Elyvilon
Gozag
Hepliaklqana
Makhleb
Qazlal
Ru
Sif Muna
Trog
Xom
Yredelemnul
Zin
Lugonu

Shops:
D:1 (   D:2 :   D:3 *   D:4 [[!   D:6 *   D:7 (   D:11 [:   Orc:2 [([:
Shoals:1 *(=(*

Portals:
Abyss: Lair:6

Annotations:
D:3 exclusion: upstairs
D:5 exclusions: 2 downstairs and upstairs
D:7 1 exclusion
D:8 exclusion: upstairs
D:9 exclusion: 2 downstairs
D:10 exclusion: downstairs
D:11 exclusion: downstairs
Shoals:1 exclusion: downstairs
Shoals:3 exclusion: upstairs


Message History

* * * LOW HITPOINT WARNING * * *
The culicivora bites you but does no damage.
The meliai barely misses you. The meliai closely misses you.
Blink to where?
Press: ? - help, Dir - move target
As you read the scroll of blinking, it crumbles to dust.
* * * LOW HITPOINT WARNING * * *
You feel very sick.
The redback is distracted by your dazzling golden aura.
The meliai invokes the aid of its god against you.
Something smites you!
* * * LOW HITPOINT WARNING * * *
The meliai is distracted by your dazzling golden aura.
You feel better.
The redback is healed somewhat.
The jumping spider is distracted by your dazzling golden aura.
The jumping spider is no longer distracted by gold.
The meliai calls upon its god to heal the meliai.
The meliai is healed somewhat.
The culicivora bites you but does no damage.
The jumping spider leaps!
The tarantella is distracted by your dazzling golden aura.
The tarantella hisses angrily.
You fly upwards.
Welcome back to the Lair of Beasts!
There is a hole to the Spider Nest here.
You slash the culicivora! You freeze the culicivora.
The culicivora is heavily wounded.
The culicivora bites you.
* * * LOW HITPOINT WARNING * * *
The culicivora bites you but does no damage.
You slash the culicivora! You freeze the culicivora.
The culicivora is almost dead.
The culicivora bites you but does no damage.
The culicivora bites you.
* * * LOW HITPOINT WARNING * * *
The culicivora draws strength from your injuries!
You miss the culicivora.
The culicivora is severely wounded.
The culicivora bites you!
You die...
Your body crumbles into a pile of gold.

##†.# ##...## # #.....#
## ##.....# ##.
####...#..# #..
#.#.#.#..## #..
##..#..#.######..
##.....#...#..#..[
#@s...#...#.......
##.....#...#......
##.......######..
##.#.#.### #..
#########.....# ###
##..##..#.^....# ##
#.......#......# #.
##........#....## ###.
#P........#.#.#.####...


You could see a culicivora.

Vanquished Creatures
  A kraken (Shoals:1)
  Donald (Shoals:1)
  An orc warlord (Orc:2)
  A reaper (IceCv)
  2 eleionomae (Shoals:4)
  A minotaur (Gauntlet)
  Snorg (D:12)
  8 merfolk impalers
  10 merfolk javelineers
  7 hydras
  2 boulder beetles
  4 alligator snapping turtles
  7 merfolk aquamancers
  A merfolk avatar (Shoals:4)
  A death knight (D:12)
  3 two-headed ogres
  A catoblepas (Lair:6)
  Erica (D:11)
  3 satyrs (Shoals:4)
  5 orc high priests (Orc:2)
  3 thrashing horrors (Lair:6)
  Urug (Lair:6)
  A hell knight (Volcano)
  Sonja (Lair:1)
  A salamander mystic (Volcano)
  A sun moth (Spider:1)
  Nergalle (D:10)
  A skeletal warrior (D:12)
  11 sea snakes
  17 harpies
  The ghost of aloneDruid the Shield-Bearer, a novice FoFi of Makhleb (D:6)
  10 orc knights
  2 orc sorcerers
  6 cyclopes
  12 manticores
  3 ugly things
  13 fauns
  5 salamanders (Volcano)
  13 merfolk sirens
  2 ice statues (IceCv)
  2 smoke demons
  6 water nymphs
  4 black mambas
  A molten gargoyle (Volcano)
  2 torpor snails
  3 unseen horrors
  A gargoyle (D:10)
  15 cane toads
  13 komodo dragons
  2 anaconda simulacra (IceCv)
  Psyche (D:11)
  6 ice devils (IceCv)
  3 ancient zymes (Lair:6)
  2 freezing wraiths
  A troll (shapeshifter) (Lair:6)
  5 entropy weaver simulacra (IceCv)
  9 wind drakes
  A hornet (Lair:5)
  6 trolls
  36 merfolk
  A polar bear (Lair:1)
  A meliai (Spider:1)
  14 snapping turtles
  37 blink frogs
  6 dream sheep (Shoals:2)
  2 raiju (Gauntlet)
  2 centaur simulacra (Gauntlet)
  2 shadows
  14 water elementals
  An air elemental (D:10)
  3 culicivoras
  60 yaks
  5 fire bats (Volcano)
  A spriggan (shapeshifter) (Lair:6)
  5 wyverns
  A fire elemental (D:10)
  2 dire elephant simulacra (IceCv)
  A basilisk (shapeshifter) (Lair:6)
  2 redbacks (Spider:1)
  A steam dragon (D:7)
  3 chaos spawn (Lair:6)
  2 vampire mosquitoes (D:11)
  7 basilisks
  A harpy simulacrum (IceCv)
  Edmund (D:4)
  4 wargs
  3 acid dragons
  A sky beast (D:5)
  27 water moccasins
  46 orc warriors
  5 black bears
  3 ice beasts
  A necrophage (D:6)
  6 wolves
  10 centaurs
  7 ogres
  7 small abominations (Lair:6)
  A phantom (D:7)
  4 kobold brigands
  Blork the orc (D:4)
  An earth elemental (D:10)
  A scorpion (D:6)
  20 bullfrogs
  A cane toad simulacrum (IceCv)
  A two-headed ogre simulacrum (IceCv)
  An elephant simulacrum (IceCv)
  A water moccasin skeleton (D:4)
  4 killer bees (D:8)
  18 wights
  A howler monkey (D:12)
  An electric eel (Lair:4)
  3 crimson imps (Gauntlet)
  4 centaur zombies
  6 lava snakes (Volcano)
  A wyvern simulacrum (Gauntlet)
  A bullfrog zombie (D:7)
  A hound (D:5)
  13 jellies
  A centaur skeleton (D:7)
  32 orc priests
  5 iguanas
  18 orc wizards
  A lightning spire (Gauntlet)
  A wolf simulacrum (IceCv)
  A hound skeleton (D:5)
  5 adders
  3 gnolls (Orc:2)
  A howler monkey skeleton (D:6)
  A shadow imp (D:6)
  14 white imps
  An ufetubus (IceCv)
  An adder skeleton (D:4)
  2 worms
  2 dart slugs
  69 orcs
  7 bats
  11 endoplasms
  2 giant cockroaches
  8 goblins
  5 hobgoblins
  2 jackals
  29 kobolds
  3 quokkas
  6 ball pythons
  A frilled lizard (D:1)
  3 rats (D:1)
  3 tentacles (Shoals:1)
903 creatures vanquished.

Vanquished Creatures (collateral kills)
  Sigmund (D:4)
  A wyvern (D:4)
  An iguana (D:5)
3 creatures vanquished.

Vanquished Creatures (others)
  A centaur zombie (D:11)
  A merfolk (Shoals:4)
  A water elemental (D:10)
  2 yaks
  2 vampire mosquitoes (D:11)
  An ogre (D:7)
  3 jellies (Lair:6)
  2 human simulacra (D:11)
  A worm (D:2)
  A demonic plant (Gauntlet)
  34 fungi
  136 plants
  13 tentacles (Shoals:1)
198 creatures vanquished.

Grand Total: 1104 creatures vanquished

Notes
Turn   | Place    | Note
-------+----------+-------------------------------------------
     0 | D:1      | H0rd4k the Human Artificer began the quest for the Orb.
     0 | D:1      | Reached XP level 1. HP: 15/15 MP: 1/1
   172 | D:1      | Reached XP level 2. HP: 18/21 MP: 2/2
   648 | D:1      | Found Myihan's Antique Weapon Shop.
   700 | D:1      | Reached XP level 3. HP: 24/26 MP: 3/3
  1382 | D:1      | Reached skill level 1 in Maces & Flails
  2387 | D:2      | Noticed a black bear
  2446 | D:2      | Found Harhifas's Book Shoppe.
  2964 | D:3      | Reached XP level 4. HP: 10/32 MP: 4/4
  3191 | D:3      | Found a white marble altar of Elyvilon.
  3218 | D:3      | You fall into a shaft and drop 1 floor!
  3218 | D:4      | Noticed Sigmund
  3218 | D:4      | Found a basalt altar of Yredelemnul.
  3393 | D:3      | Found Raciziq's General Store.
  3856 | D:3      | Found a shimmering blue altar of Sif Muna.
  4250 | D:2      | Reached XP level 5. HP: 32/37 MP: 5/5
  4452 | D:4      | Found Iczusey's Antique Armour Shop.
  4497 | D:4      | Noticed Edmund
  4541 | D:5      | Entered Level 5 of the Dungeon
  4541 | D:5      | Found a glowing silver altar of Zin.
  4577 | D:5      | Noticed a sky beast
  4588 | D:5      | Found an opulent altar of Gozag.
  4592 | D:5      | Became a worshipper of Gozag Ym Sagoz the Greedy
  4640 | D:5      | Identified the +9 hand axe of Checkmate {vorpal, rElec rF+
                  | Str+8}
  4880 | D:5      | Killed a sky beast
  4881 | D:5      | Reached skill level 2 in Fighting
  4881 | D:5      | Reached XP level 6. HP: 37/44 MP: 6/6
  5149 | D:5      | Noticed an ogre
  5166 | D:4      | Noticed Blork the orc
  5166 | D:4      | Found Awkeud's Distillery.
  5174 | D:4      | Killed Blork the orc
  5175 | D:4      | Reached skill level 1 in Axes
  5314 | D:5      | Killed an ogre
  5315 | D:5      | Reached XP level 7. HP: 40/51 MP: 7/7
  5937 | D:4      | Noticed a wyvern
  6090 | D:4      | Found a hazy altar of Hepliaklqana.
  6091 | D:4      | Found a shimmering altar of Xom.
  6092 | D:4      | Noticed a spectral ugly thing
  6092 | D:4      | Noticed a Killer Klown
  6126 | D:4      | Killed a wyvern
  6127 | D:4      | Reached skill level 3 in Fighting
  6151 | D:4      | Killed Sigmund
  6152 | D:4      | Reached XP level 8. HP: 58/58 MP: 8/8
  6241 | D:4      | Found Topp's Armour Emporium.
  6590 | D:4      | Killed Edmund
  7592 | D:6      | Found Xodubos's Assorted Antiques.
  7678 | D:6      | Reached skill level 4 in Fighting
  7678 | D:6      | Reached skill level 5 in Axes
  7705 | D:5      | Reached skill level 1 in Spellcasting
  7960 | D:6      | Reached XP level 9. HP: 41/65 MP: 9/11
  8109 | D:6      | Noticed aloneDruid's ghost (novice FoFi)
  8309 | D:6      | Found a burning altar of Makhleb.
  8396 | D:6      | Found a runed translucent door.
  8701 | D:7      | Found Xuduylum's Weapon Shop.
  9213 | D:7      | Found a snail-covered altar of Cheibriados.
  9226 | D:7      | Reached skill level 5 in Fighting
  9267 | D:7      | Reached skill level 5 in Evocations
  9399 | D:7      | Noticed a two-headed ogre
  9460 | D:8      | Found a bloodstained altar of Trog.
  9702 | D:8      | Reached XP level 10. HP: 47/74 MP: 14/14
 10514 | D:8      | Noticed a two-headed ogre
 10643 | D:8      | Killed a two-headed ogre
 10644 | D:8      | Reached skill level 6 in Fighting
 10644 | D:8      | Reached skill level 5 in Dodging
 11094 | D:8      | Found a stormy altar of Qazlal.
 11096 | D:8      | Found a sacrificial altar of Ru.
 11108 | D:8      | Found a broken altar of Ashenzari.
 11446 | D:3      | Bought a scroll of blinking for 97 gold pieces
 11446 | D:3      | Bought a +0 cloak of poison resistance for 110 gold pieces
 11446 | D:3      | Bought a scroll of holy word for 97 gold pieces
 11446 | D:3      | Bought a scroll of magic mapping for 45 gold pieces
 11515 | D:4      | Bought the +2 hat of the Bear Spirit {Spirit, *Rage Will++}
                  | for 322 gold pieces
 11515 | D:4      | Found the +2 hat of the Bear Spirit {Spirit, *Rage Will++}
 11693 | D:5      | Found a staircase to the Ecumenical Temple.
 11824 | D:6      | Bought a scroll labelled FOEDUASUTO for 22 gold pieces
 11824 | D:6      | Bought a scroll labelled IBOSUU ANUPP for 22 gold pieces
 11825 | D:6      | Acquired the +2 pair of gloves "Numext" {rF+ Int+4}
 12173 | D:7      | Killed a two-headed ogre
 12765 | D:9      | Reached XP level 11. HP: 79/83 MP: 15/18
 12967 | D:9      | Noticed a manticore
 12987 | D:9      | Killed a manticore
 12988 | D:9      | Reached skill level 5 in Spellcasting
 13577 | D:10     | Entered Level 10 of the Dungeon
 13619 | D:10     | Reached skill level 7 in Fighting
 13619 | D:10     | Reached skill level 10 in Axes
 14171 | D:10     | Noticed Nergalle
 14201 | D:10     | Killed Nergalle
 14681 | D:10     | Found a large runed translucent door.
 14683 | D:10     | Found a large runed translucent door.
 15059 | D:11     | Noticed Psyche
 15228 | D:11     | Noticed a manticore
 15292 | D:11     | Killed a manticore
 15293 | D:11     | Reached XP level 12. HP: 53/92 MP: 12/21
 15470 | D:11     | Found a staircase to the Lair.
 15497 | Lair:1   | Entered Level 1 of the Lair of Beasts
 15606 | D:11     | Killed Psyche
 15680 | D:11     | Reached skill level 8 in Fighting
 16091 | D:11     | Found Jaskiox's Book Shop.
 16291 | D:11     | Noticed Erica
 16302 | D:11     | Noticed a four-headed hydra
 16308 | D:11     | Killed Erica
 16395 | D:11     | Killed a seven-headed hydra
 17439 | Lair:1   | Reached skill level 9 in Fighting
 17615 | Lair:1   | Noticed Sonja
 17639 | Lair:1   | Killed Sonja
 18416 | Lair:1   | Reached XP level 13. HP: 101/101 MP: 24/24
 18604 | D:11     | Bought a book of Maledictions for 510 gold pieces
 18608 | D:11     | Learned a level 3 spell: Tukima's Dance
 18613 | D:11     | Learned a level 4 spell: Anguish
 18769 | D:12     | Noticed Snorg
 18784 | D:12     | Killed Snorg
 18785 | D:12     | Reached skill level 1 in Hexes
 18785 | D:12     | Reached skill level 1 in Necromancy
 19307 | Lair:1   | Noticed a five-headed hydra
 19580 | Lair:1   | Killed a five-headed hydra
 19581 | Lair:1   | Reached skill level 10 in Fighting
 19971 | Lair:2   | Found a gate leading to a gauntlet.
 19981 | Gauntlet | Entered a Gauntlet
 19981 | Gauntlet | Found a transporter.
 19981 | Gauntlet | Found a transporter.
 20021 | Gauntlet | Found a transporter.
 20039 | Gauntlet | Found a transporter.
 20039 | Gauntlet | Found a transporter.
 20039 | Gauntlet | Found a transporter.
 20041 | Gauntlet | Found a transporter.
 20041 | Gauntlet | Found a transporter.
 20053 | Gauntlet | Found a transporter.
 20068 | Gauntlet | Found a runed translucent gate.
 20069 | Gauntlet | Found a transporter.
 20069 | Gauntlet | Found a runed translucent gate.
 20070 | Gauntlet | Found a runed translucent gate.
 20077 | Gauntlet | Noticed a quicksilver ooze
 20079 | Gauntlet | Found a transporter.
 20085 | Gauntlet | Found a transporter.
 20120 | Gauntlet | Found a transporter.
 20132 | Gauntlet | Found a transporter.
 20315 | Gauntlet | Identified the amulet of Okawaru's Grace {RegenMP rN+
                  | Int+3}
 20317 | Gauntlet | Identified the +1 ring mail of the Salmon {rN+}
 20366 | Gauntlet | Noticed a minotaur
 20376 | Gauntlet | Killed a minotaur
 20827 | Lair:2   | Noticed an eight-headed hydra
 20899 | Lair:2   | Killed an eight-headed hydra
 21147 | Lair:2   | Reached skill level 11 in Fighting
 21618 | D:11     | Bought a smelly scale mail for 261 gold pieces
 21618 | D:11     | Identified the +2 scale mail of the Playwright {rElec rCorr
                  | Str-5 SInv} (You bought it in a shop on level 11 of the
                  | Dungeon)
 21618 | D:11     | Bought a jewelled scale mail for 261 gold pieces
 21618 | D:11     | Identified the +6 scale mail "Jyvid" {rC+ Dex+6} (You
                  | bought it in a shop on level 11 of the Dungeon)
 22009 | Lair:3   | Reached XP level 14. HP: 113/113 MP: 26/26
 23144 | Lair:3   | Learned a level 2 spell: Ensorcelled Hibernation
 23152 | Lair:3   | Learned a level 7 spell: Enfeeble
 23288 | Lair:4   | Found a hole to the Spider Nest.
 23522 | Lair:4   | Found a staircase to the Shoals.
 24169 | Lair:4   | Reached skill level 10 in Dodging
 24174 | Lair:4   | Reached skill level 12 in Fighting
 24730 | Lair:5   | Reached skill level 5 in Hexes
 24735 | Lair:5   | Identified the +0 scale mail "Poetz" {Int+5}
 25259 | Lair:5   | You fall into a shaft and drop 1 floor!
 25259 | Lair:6   | Entered Level 6 of the Lair of Beasts
 25389 | Lair:6   | Reached skill level 1 in Ice Magic
 25417 | Lair:6   | Found a staircase to the Slime Pits.
 25855 | Lair:6   | Found a dark tunnel.
 25863 | Volcano  | Entered a volcano
 26297 | Volcano  | Reached XP level 15. HP: 122/122 MP: 24/28
 26302 | Volcano  | Found a radiant altar of Vehumet.
 26766 | Lair:6   | Reached skill level 13 in Fighting
 26993 | Lair:6   | Noticed Urug
 27569 | Lair:6   | Killed Urug
 28392 | Lair:6   | Found a corrupted altar of Lugonu.
 28392 | Lair:6   | Found a one-way gate to the infinite horrors of the Abyss.
 28705 | Lair:6   | Acquired the ring "Plog" {rPois rF+ AC+4 Str+2}
 30033 | D:12     | Found a staircase to the Orcish Mines.
 30079 | Orc:1    | Entered Level 1 of the Orcish Mines
 30097 | Orc:1    | Reached skill level 10 in Spellcasting
 30269 | Orc:2    | Entered Level 2 of the Orcish Mines
 30378 | Orc:2    | Found a frozen archway.
 30401 | IceCv    | Entered an ice cave
 30800 | IceCv    | Reached skill level 14 in Fighting
 31214 | IceCv    | Found the +7 great mace "Undeadhunter" {disrupt, rN+}
 31214 | IceCv    | Noticed a reaper
 31226 | IceCv    | Killed a reaper
 31642 | Orc:2    | Found a staircase to the Elven Halls.
 32163 | Orc:2    | Reached XP level 16. HP: 134/134 MP: 27/30
 34440 | Orc:2    | Reached skill level 15 in Fighting
 34557 | Orc:2    | Found Jogrocruh's Armour Shoppe.
 34557 | Orc:2    | Found Fogirchokh's Book Shoppe.
 34558 | Orc:2    | Found Daask's Armour Shoppe.
 34558 | Orc:2    | Found Lutom's Weapon Emporium.
 34570 | Orc:2    | Bought a manual of Axes for 1120 gold pieces
 34713 | Orc:2    | Bought the +3 pair of gauntlets of War {Slay+5} for 570
                  | gold pieces
 34713 | Orc:2    | Found the +3 pair of gauntlets of War {Slay+5}
 35641 | D:6      | Killed aloneDruid's ghost
 35793 | D:10     | Paralysed by an air elemental for 1 turns
 36028 | Shoals:1 | Entered Level 1 of the Shoals
 36028 | Shoals:1 | Found Sonuofag's Weapon Emporium.
 36029 | Shoals:1 | Found Sigusch's Antique Weapon Emporium.
 36105 | Shoals:1 | Bought a twisted hand axe for 272 gold pieces
 36105 | Shoals:1 | Identified the +6 hand axe of the Spider Nest {elec, rN++}
                  | (You bought it in a shop on level 1 of the Shoals)
 36105 | Shoals:1 | Bought a transparent hand crossbow for 289 gold pieces
 36105 | Shoals:1 | Identified the +4 hand crossbow of Icao {freeze, Dex+2}
                  | (You bought it in a shop on level 1 of the Shoals)
 37080 | Shoals:1 | Noticed Donald
 37090 | Shoals:1 | Killed Donald
 37326 | Shoals:1 | Found Pemiejur's Assorted Antiques.
 37339 | Shoals:1 | Bought a translucent silver ring for 175 gold pieces
 37339 | Shoals:1 | Identified the ring of Inkanaimuo {+Blink rC++ rCorr EV+4}
                  | (You bought it in a shop on level 1 of the Shoals)
 37359 | Shoals:1 | Noticed a kraken
 37892 | Shoals:1 | Found Wusu's Jewellery Boutique.
 37973 | Shoals:1 | Bought the ring of Peakhest {rN+ rCorr Dex-5 Slay+4 Stlth+}
                  | for 1306 gold pieces
 38082 | Shoals:1 | Found Cicsueke's Assorted Antiques.
 38086 | Shoals:1 | Bought a transparent hunting sling for 195 gold pieces
 38086 | Shoals:1 | Identified the +4 hunting sling "Ekaopugg" {freeze, rC+
                  | Int+4} (You bought it in a shop on level 1 of the Shoals)
 38243 | Shoals:1 | Reached skill level 16 in Fighting
 38456 | Shoals:1 | Identified the +0 ring mail of the Game of Kings {rN+
                  | Str+3}
 38538 | Shoals:1 | Killed a kraken
 39562 | Shoals:2 | Reached XP level 17. HP: 144/144 MP: 32/32
 40109 | Shoals:3 | Found a flickering gateway to a bazaar.
 40148 | Bazaar   | Entered a bazaar
 40148 | Bazaar   | Found Laagywed's General Store.
 40423 | Bazaar   | Found Ycauvyot's Antique Armour Shop.
 40449 | Bazaar   | Found Faimm's Antique Weapon Shop.
 40461 | Bazaar   | Bought the +10 zealot's sword {holy, *Rage rN+ EV+3} for
                  | 1581 gold pieces
 40461 | Bazaar   | Found the +10 zealot's sword {holy, *Rage rN+ EV+3}
 40487 | Bazaar   | Bought an embroidered cloak for 262 gold pieces
 41147 | Shoals:3 | Reached skill level 1 in Long Blades
 43040 | Shoals:4 | Entered Level 4 of the Shoals
 43307 | Shoals:4 | Reached skill level 17 in Fighting
 44822 | Shoals:4 | Identified the +11 short sword of Insufficient Pleasure
                  | {drain, rElec rF++ Str+2 Stlth-}
 44929 | Shoals:4 | HP: 6/148 [alligator snapping turtle (10)]
 45399 | Shoals:4 | Reached XP level 18. HP: 155/155 MP: 28/34
 46332 | Shoals:4 | Got a barnacled rune of Zot
 46584 | Shoals:4 | Reached skill level 18 in Fighting
 47500 | Spider:1 | Entered Level 1 of the Spider Nest
 47528 | Spider:1 | Reached skill level 5 in Long Blades
 47530 | Spider:1 | HP: 1/157 [meliai/divine providence (9)]
 47535 | Lair:4   | HP: 3/157 [culicivora (4)]
 47536 | Lair:4   | Slain by a culicivora

Illustrated notes

Levels and vault maps discovered:
D:1:      ncdulo_wetmaze, layout_loops_corners, serial_shops,
          nicolae_shop_waterfront
D:2:      layout_basic, serial_shops, shop, wad_floor_pattern_untrapped,
          st_stairs_3, grunt_ministairs_11
D:3:      layout_loops_ring, nicolae_elyvilon_peaceful_grove,
          lemuel_blue_sif_altar, serial_shops, shop
D:4:      layout_basic, regret_index_temple_of_mockery, lemuel_tele_altar,
          serial_shops, nicolae_take_the_stairs, shop, shop, kennysheep_nub,
          uniq_edmund, uniq_blork_the_orc, uniq_sigmund
D:5:      layout_basic, nicolae_gozag_seed_capital, zin_academy, temple_hall
D:6:      layout_rooms, mainiacjoe_overflow_brackets, serial_shops, shop,
          hellmonk_ghost_happy_afterlife, minmay_between
D:7:      nzn_winding_woodlands_three_and_one
          [nzn_winding_woodlands_5x15_jagged,
          nzn_winding_woodlands_5x15_river_crossing,
          nzn_winding_woodlands_5x15_sidewinder,
          nzn_winding_woodlands_center_diamonds], layout_rooms,
          kennysheep_slug_shrine, serial_shops,
          nicolae_shop_bloodbath_and_beyond
D:8:      layout_layer_cave, minmay_overflow_temple_star_quad,
          lemuel_crystal_altar, kennysheep_potato
D:9:      layout_long_grid
D:10:     layout_loops_ring, lightli_elemental_guards, uniq_nergalle
D:11:     layout_loops_ring, david_lair_generic, serial_shops,
          kennysheep_little_box, bh_circular_ruins, uniq_erica, uniq_psyche
D:12:     layout_loops_ring, erik_orc_2, uniq_snorg
Lair:1:   cheibrodos_lair_river_kwai, layout_loops_ring, nzn_random_ring,
          uniq_sonja
Lair:2:   layout_cave_pods, gauntlet_entry_generic
Lair:3:   layout_cave_shapes, nzn_sisyphean_effort, lemuel_fruit_tree
Lair:4:   layout_roguey, elwin_shoals_entry_stream,
          hellmonk_spider_entry_life_and_decay, lemuel_old_faithful,
          serial_bayou_shore_a
Lair:5:   layout_hall_layers, nicolae_lair_grove_arrangements,
          serial_bayou_shore_b
Lair:6:   hellmonk_lair_end_abyssal_woods, layout_long_grid,
          minmay_slime_entry_jelly_boxes, enter_volcano_1, uniq_urug
Shoals:1: layout_shoals, serial_shops, nicolae_shop_statue_plus,
          nicolae_square_shop, shop, shop, nicolae_diamond_shop, uniq_donald
Shoals:2: layout_shoals
Shoals:3: layout_shoals, serial_shops, bzr_entry_islet,
          nicolae_shoals_isolated_beach
Shoals:4: shoals_end_simple, layout_shoals, nicolae_shoals_enchanted_isle
Spider:1: layout_spider_delve
Orc:1:    layout_caves
Orc:2:    st_orc_pillars, layout_caves, portal_ice_cave_entry_imps,
          lightli_orcish_oven

Skill      XL: |  1  2  3  4  5  6  7  8  9 10 11 12 13 14 15 16 17 18 |
---------------+-------------------------------------------------------+-----
Maces & Flails | 1 2 3 4 |  4.9
Dodging        | 2 3 4 5 6 8 9 10 11 12 13 | 13.6
Evocations     | 4 5 6 7 8 |  8.1
Fighting       | 2 3 4 5 6 7 9 11 12 14 16 17 18 | 18.0
Axes           | 1 3 5 7 9 11 12 | 12.1
Spellcasting   | 1 3 4 6 7 8 9 10 11 12 | 12.2
Hexes          | 3 5 6 7 |  7.1
Necromancy     | 3 4 |  4.2
Ice Magic      | 2 3 |  3.5
Long Blades    | 4 5 |  5.0
Armour         | |  2.0
Stealth        | |  1.0

Action                   |  1- 3 |  4- 6 |  7- 9 | 10-12 | 13-15 | 16-18 || total
-------------------------+-------+-------+-------+-------+-------+-------++-------
Melee: Mace              |   150 |    39 |       |       |       |       ||   189
       Hand axe          |       |    25 |   181 |   477 |  1315 |  1189 ||  3187
       Punch             |       |       |     6 |     7 |    35 |    22 ||    70
       Executioner's axe |       |       |       |       |       |    14 ||    14
 Cast: Ensorcelled Hiber |       |       |       |       |     1 |       ||     1
       Anguish           |       |       |       |       |     1 |       ||     1
       Tukima's Dance    |       |       |       |       |       |     6 ||     6
Invok: Call Merchant     |       |       |       |       |     1 |       ||     1
Evoke: Wand              |     7 |    11 |    13 |     6 |    59 |     9 ||   105
       Piece from Xom's  |       |     1 |       |       |       |       ||     1
  Use: Scroll            |       |       |     2 |    14 |     9 |    12 ||    37
       Potion            |       |       |     2 |       |     1 |     3 ||     6
 Stab: Sleeping          |     2 |     1 |     1 |       |       |       ||     4
       Distracted        |       |       |       |     4 |     6 |     8 ||    18
Armor: Leather armour    |    68 |    12 |    45 |   175 |    49 |       ||   349
       Ring mail         |       |       |       |       |    18 |       ||    18
       Scale mail        |       |       |       |       |   419 |   491 ||   910
Dodge: Dodged            |   138 |    38 |   134 |   251 |   853 |   831 ||  2245
